AoeStats
← Tenziki

Coastal Forest

503475967Analyzed
4v4 RM · 1mo ago on Aug 31, 2026· 53m 41s· 8 players
Game mode
Random Map
Map size
Large (8 player)
Population
200
Speed
Normal
Resources
Standard
Victory
Conquest
Starting age
Dark Age
Ending age
Imperial Age
RankedLock teamsTeams togetherTeam positionsShared explorationLock speedFull tech treeHidden civsTurbo modeCheats
Victory
Defeat
🇩🇪 Mongols · Germany
1534
+12
🇩🇪 Persians · Germany
1454
+15
🇩🇪 Saracens · Germany
1418
+17
🇩🇪 Portuguese · Germany
1314
+22
🇩🇰 Dravidians · Denmark
1492
-19
🇦🇺 Mongols · Australia
1485
-19
🇨🇦 Romans · Canada
1414
-15
🇺🇸 Khmer · United States
1380
-14
vR-MrReD
6:02 Loom
9:16 Feudal Age
9:47 Double-Bit Axe
18:00 Wheelbarrow
20:27 Castle Age
19:09 Forging
19:06 Scale Barding Armor
19:13 Forging
19:57 Bloodlines
20:09 Horse Collar
20:22 Gold Mining
23:13 Chain Barding Armor
27:14 Husbandry
31:02 Bow Saw
36:34 Gold Shaft Mining
35:50 Stone Mining
39:51 Imperial Age
37:37 Heavy Plow
37:54 Light Cavalry
39:34 Cavalier
40:52 Plate Barding Armor
40:52 Iron Casting
42:12 Savar
43:28 Hand Cart
42:59 Town Watch
43:04 Heavy Camel Rider
45:14 Stone Shaft Mining
44:42 Hussar
47:02 Blast Furnace
48:44 Two-Man Saw
48:41 Crop Rotation
48:58 Town Patrol
LukasPlanet
5:21 Loom
10:27 Feudal Age
11:03 Double-Bit Axe
12:24 Forging
13:11 Fletching
14:48 Fishing Lines
21:22 Castle Age
19:17 Horse Collar
19:30 Gold Mining
22:00 Wheelbarrow
22:31 Gillnets
22:43 Heavy Plow
22:55 Bow Saw
24:09 Hand Cart
24:34 Town Watch
26:00 Town Patrol
30:32 Imperial Age
29:04 Scale Barding Armor
29:34 Iron Casting
30:35 Bloodlines
30:25 Husbandry
31:05 Chain Barding Armor
30:56 Heavy Camel Rider
37:21 Coinage
36:51 Caravan
38:23 Banking
38:17 Conscription
38:49 Plate Barding Armor
39:14 Blast Furnace
39:20 Blast Furnace
39:23 Elite Mameluke
40:39 Hoardings
43:36 Light Cavalry
45:19 Hoardings
46:56 Bodkin Arrow
46:49 Hussar
48:44 Bow Saw
54:05 Clinker Construction
55:02 Chemistry
54:14 Careening
54:18 Fortified Wall
54:19 Masonry
Falsche Haut
7:25 Loom
9:30 Feudal Age
10:06 Double-Bit Axe
11:51 Forging
17:40 Bloodlines
22:48 Castle Age
22:45 Gold Mining
22:35 Horse Collar
23:26 Scale Barding Armor
23:47 Bow Saw
24:05 Heavy Plow
25:00 Wheelbarrow
25:26 Husbandry
29:36 Fletching
30:00 Thumb Ring
30:25 Bodkin Arrow
30:50 Padded Archer Armor
31:11 Ballistics
34:52 Hand Cart
36:06 Gold Shaft Mining
35:44 Town Watch
41:54 Imperial Age
41:17 Leather Archer Armor
41:04 Stone Mining
42:16 Chain Barding Armor
42:56 Bracer
44:17 Chemistry
46:12 Parthian Tactics
48:14 Conscription
53:15 Heavy Cavalry Archer
53:39 Light Cavalry
Aremenius
6:40 Loom
8:49 Feudal Age
9:22 Double-Bit Axe
21:01 Wheelbarrow
21:10 Fletching
26:28 Castle Age
25:06 Stone Mining
26:34 Crossbowman
27:52 Bow Saw
28:34 Padded Archer Armor
31:21 Bodkin Arrow
43:50 Town Watch
Tenziki
5:01 Loom
8:08 Feudal Age
8:45 Double-Bit Axe
10:21 Horse Collar
16:30 Forging
24:24 Castle Age
23:39 Gold Mining
24:28 Scale Barding Armor
24:34 Bloodlines
26:06 Chain Barding Armor
26:21 Iron Casting
26:18 Husbandry
26:49 Bow Saw
28:12 Heavy Plow
28:50 Scale Mail Armor
31:14 Wheelbarrow
30:24 Town Watch
36:34 Imperial Age
36:01 Hand Cart
36:49 Gold Shaft Mining
38:00 Hand Cart
38:27 Chain Mail Armor
37:34 Pikeman
39:57 Fletching
41:31 Plate Barding Armor
41:56 Blast Furnace
41:09 Stone Mining
41:23 Tusk Swords
41:52 Conscription
42:36 Elite Battle Elephant
47:07 Bodkin Arrow
48:48 Bracer
48:52 Light Cavalry
Lord Longshaft
9:02 Loom
11:40 Feudal Age
18:56 Castle Age
23:52 Fletching
24:09 Padded Archer Armor
23:38 Crossbowman
24:48 Double-Bit Axe
25:37 Bodkin Arrow
29:48 Ballistics
30:33 Gold Mining
32:40 Horse Collar
42:33 Imperial Age
40:51 Bow Saw
43:16 Wheelbarrow
43:01 Heavy Scorpion
47:02 Wheelbarrow
47:36 Town Watch
Bamboo
11:02 Feudal Age
11:49 Man-at-Arms
13:46 Double-Bit Axe
16:48 Horse Collar
17:24 Scale Mail Armor
17:32 Loom
18:33 Forging
23:45 Castle Age
23:27 Gold Mining
23:46 Long Swordsman
24:43 Chain Mail Armor
25:04 Iron Casting
25:19 Squires
27:44 Pikeman
42:31 Bow Saw
45:29 Heavy Plow
47:51 Fletching
big black boy
9:01 Feudal Age
7:21 Loom
9:07 Feudal Age
11:07 Double-Bit Axe
23:27 Castle Age
22:14 Horse Collar
22:34 Gold Mining
23:50 Fletching
24:12 Bloodlines
23:33 Light Cavalry
24:14 Husbandry
24:51 Bodkin Arrow
26:58 Padded Archer Armor
26:57 Light Cavalry
28:19 Ballistics
37:34 Wheelbarrow
42:06 Imperial Age
39:56 Hand Cart
39:47 Thumb Ring
43:01 Bracer
44:04 Chemistry
44:34 Parthian Tactics
44:52 Heavy Cavalry Archer
48:53 Conscription
49:55 Capped Ram
51:47 Drill
50:52 Siege Ram
53:24 Scale Barding Armor
53:19 Scale Mail Armor
53:29 Forging
Connection lost

Rejoining the realm…

Still unreachable

The connection could not be restored.

Session expired

The server has moved on; the page needs a fresh start.